 Dungeon Crawl Stone Soup version 0.28.0-53-g5a82cb258f (webtiles) character file.

Game seed: 17284154334135470840

5068 MisterFreud the Nimble (level 10, -4/72 HPs)
             Began as a Felid Berserker on June 15, 2022.
             Was an Elder of Trog.
             Slain by a skeletal warrior
             ... wielding a +0 dire flail
             ... led by a skeletal warrior
              (6 damage)
             ... on level 10 of the Dungeon.
             The game lasted 00:13:15 (13303 turns).

MisterFreud the Nimble (Felid Berserker)           Turns: 13303, Time: 00:13:15

Health: -4/72      AC:  2    Str: 13    XL:     10   Next: 31%
Magic:  11/11      EV: 28    Int: 10    God:    Trog [****..]
Gold:   171        SH:  5    Dex: 19    Spells: 9/9 levels left
                                        Lives:  0   Deaths: 3

rFire   . . .      SeeInvis +     - Unarmed
rCold   . . .      Faith    .   (shield unavailable)
rNeg    . . .      Spirit   .   (armour unavailable)
rPois   +          Reflect  +   (helmet unavailable)
rElec   .          Harm     .   (cloak unavailable)
rCorr   .          Rampage  .   (gloves unavailable)
Will    +....                   (boots unavailable)
Stlth   ..........              r - amulet of reflection
HPRegen 0.22/turn               c - ring of poison resistance
MPRegen 0.12/turn               (no ring)

@: berserking, very quick
A: very small, claws 1, fangs 3, see invisible, speed 1, shaggy fur 2, stealthy
paws, no weapons or thrown items, no armour, multi-lived
a: Renounce Religion, Berserk, Trog's Hand, Brothers in Arms


You were on level 10 of the Dungeon.
You worshipped Trog.
Trog was greatly pleased with you.
You visited 1 branch of the dungeon, and saw 11 of its levels.

You collected 579 gold pieces.
You spent 408 gold pieces at shops.

Inventory:

Jewellery
 c - a ring of poison resistance (left paw)
 o - a ring of flight
 r - an amulet of reflection (around neck)
 D - a ring of fire
Wands
 b - a wand of iceblast (6)
 s - a wand of digging (9)
 t - a wand of acid (9)
 B - a wand of mindburst (13)
Scrolls
 d - a scroll of amnesia
 e - 2 scrolls of identify
 f - 5 scrolls of teleportation
 i - a scroll of vulnerability {unknown}
 j - 2 scrolls of fear
 k - 2 scrolls of fog {unknown}
 m - a scroll of silence
 q - 3 scrolls of enchant armour {unknown}
 u - 2 scrolls of immolation {unknown}
 x - a scroll of holy word {unknown}
 y - a scroll of magic mapping {unknown}
 A - a scroll of torment {unknown}
Potions
 a - a potion of attraction
 g - 7 potions of curing
 h - 5 potions of heal wounds
 l - a potion of cancellation {unknown}
 n - a potion of magic {unknown}
 p - 3 potions of flight
 v - 2 potions of might
 w - 2 potions of lignification
 z - a potion of haste
 C - a potion of berserk rage {unknown}


   Skills:
 + Level 8.0 Fighting
 - Level 14.0 Dodging
 - Level 10.0 Stealth
 - Level 10.0 Unarmed Combat
 - Level 5.0 Evocations


You had 9 spell levels left.
You didn't know any spells.
Your spell library was empty.

Dungeon Overview and Level Annotations

Branches:
Dungeon (11/15)            Temple (0/1) D:6            Lair (0/6) D:10
    Orc: D:9-12

Altars:
Gozag
Hepliaklqana
Nemelex Xobeh
Trog
Beogh

Shops:
D:2 ?   D:4 **   D:7 ![

Annotations:
D:7 3 runed translucent doors, raph's ghost, novice DrCj
D:10 2 transporters


Innate Abilities, Weirdness & Mutations

You have sharp claws.
You have razor-sharp teeth.
You have supernaturally acute eyesight. (SInv)
You cover ground quickly. (Speed+)
You are covered in thick fur. (AC +2)
Your paws help you pounce on unaware monsters.
You are incapable of wielding weapons or throwing items.
You cannot wear armour.
You gain extra lives every three experience levels.


Message History

The skeletal warrior closely misses you.
You scratch the skeletal warrior but do no damage.
You scratch the skeletal warrior.
The skeletal warrior is lightly damaged.
The skeletal warrior completely misses you.
You scratch the skeletal warrior but do no damage.
Your claw misses the skeletal warrior.
You bite the skeletal warrior, but do no damage.
The skeletal warrior is lightly damaged.
The skeletal warrior completely misses you.
A red film seems to cover your vision as you go berserk!
You feel yourself moving faster!
You feel mighty!
You block the skeletal warrior's attack.
You claw the skeletal warrior! Your bite misses the skeletal warrior.
The skeletal warrior is moderately damaged.
The skeletal warrior hits you with a +0 dire flail!
You barely miss the skeletal warrior.
The skeletal warrior is moderately damaged.
You scratch the skeletal warrior but do no damage.
Your bite misses the skeletal warrior.
The skeletal warrior is moderately damaged.
The skeletal warrior hits you with a +0 dire flail!!
You claw the skeletal warrior!
You bite the skeletal warrior, but do no damage.
The skeletal warrior is moderately damaged.
You scratch the skeletal warrior but do no damage.
The skeletal warrior is moderately damaged.
The skeletal warrior hits you with a +0 dire flail!!
* * * LOW HITPOINT WARNING * * *
You claw the skeletal warrior!
The skeletal warrior is heavily damaged.
You barely miss the skeletal warrior.
The skeletal warrior is heavily damaged.
The skeletal warrior barely misses you.
You scratch the skeletal warrior.
The skeletal warrior is heavily damaged.
You barely miss the skeletal warrior. Your bite misses the skeletal warrior.
The skeletal warrior is heavily damaged.
The skeletal warrior hits you with a +0 dire flail.
You die...

##.###......# ..
......>.....#...#
#.###.#.....#...# #
<...........#...###.#
#...#.#####.#.......
#...#. ##....... #...#.
.......#
#...#########...###.#...
................@z....#
#...#########.#.#######
#...# #...#..... #...#
#...#.#.#...
#...#####...#.#.###.#
#......##...###.# #
....##.##...# #.# #
#...##.##...# #.###.#
....##..'...+ ....#.


You could see a skeletal warrior.

Vanquished Creatures
  Harold (D:7)
  4 two-headed ogres
  2 skeletal warriors
  A gargoyle (D:10)
  Psyche (D:9)
  A komodo dragon (D:11)
  Prince Ribbit (D:7)
  5 yaks (D:8)
  3 vampire mosquitoes (D:10)
  Duvessa (D:5)
  An ice beast (D:7)
  3 orc warriors
  4 ogres
  A black bear (D:6)
  2 necrophages
  4 centaurs
  2 phantoms
  2 bullfrogs (D:8)
  A kobold brigand (D:8)
  A wyvern zombie (D:8)
  2 gnoll sergeants
  Dowan (D:5)
  12 killer bees
  A water moccasin skeleton (D:5)
  11 wights (D:8)
  A howler monkey (D:6)
  4 centaur zombies
  A bullfrog skeleton (D:5)
  3 hounds (D:5)
  4 orc priests
  A gnoll shaman (D:9)
  5 centaur skeletons
  Natasha (thrice) (D:2)
  4 orc wizards
  A killer bee zombie (D:9)
  A hound zombie (D:5)
  A hound skeleton (D:5)
  A howler monkey zombie (D:3)
  12 gnolls
  2 howler monkey skeletons (D:6)
  4 adders
  A shadow imp (D:7)
  An ufetubus (D:5)
  3 worms
  3 dart slugs
  33 orcs
  3 bats
  6 endoplasms
  5 giant cockroaches
  3 goblins
  5 hobgoblins
  3 jackals (D:3)
  2 quokkas (D:4)
  7 ball pythons
  5 frilled lizards
  10 kobolds
  A quokka skeleton (D:4)
  6 rats
213 creatures vanquished.

Vanquished Creatures (others)
  6 plants (D:10)
6 creatures vanquished.

Grand Total: 219 creatures vanquished

Notes
Turn   | Place    | Note
-------+----------+-------------------------------------------
     0 | D:1      | MisterFreud the Felid Berserker began the quest for the
                  | Orb.
     0 | D:1      | Reached XP level 1. HP: 10/10 MP: 2/2
    77 | D:1      | Reached skill level 1 in Stealth
   299 | D:1      | Reached XP level 2. HP: 14/14 MP: 3/3
  1108 | D:2      | Reached XP level 3. HP: 5/17 MP: 4/4
  1538 | D:2      | Noticed Natasha
  1544 | D:2      | Killed Natasha
  1544 | D:2      | Reached ** piety under Trog
  1656 | D:2      | Noticed Natasha
  1662 | D:2      | Killed Natasha
  1663 | D:2      | Reached XP level 4. HP: 11/21 MP: 5/5
  1823 | D:2      | Found Qaylippe's Magic Scroll Shop.
  1828 | D:2      | Bought a scroll of fear for 45 gold pieces
  1828 | D:2      | Bought a scroll of teleportation for 39 gold pieces
  2024 | D:2      | Noticed Natasha
  2036 | D:2      | Killed Natasha
  2414 | D:3      | Found a faded altar of an unknown god.
  2554 | D:3      | Reached XP level 5. HP: 15/24 MP: 6/6
  2872 | D:3      | Reached skill level 5 in Stealth
  2967 | D:3      | You fall into a shaft and drop 2 floors!
  2967 | D:5      | Entered Level 5 of the Dungeon
  3073 | D:5      | Reached skill level 5 in Unarmed Combat
  3095 | D:5      | Noticed a two-headed ogre
  3108 | D:5      | Killed a two-headed ogre
  3109 | D:5      | Reached skill level 7 in Dodging
  3109 | D:5      | Gained mutation: You are covered in thick fur. (AC +2)
                  | [Felid growth]
  3109 | D:5      | Reached XP level 6. HP: 28/28 MP: 7/7
  3109 | D:5      | Reached XP level 7. HP: 31/31 MP: 8/8
  3110 | D:5      | Reached skill level 8 in Dodging
  3170 | D:5      | Found an opulent altar of Gozag.
  3332 | D:4      | Reached skill level 9 in Dodging
  3332 | D:4      | Reached XP level 8. HP: 24/34 MP: 9/9
  3545 | D:4      | Found Owiupt's Assorted Antiques.
  3548 | D:4      | Bought a blue potion for 21 gold pieces
  3626 | D:4      | Found Aggamam's Assorted Antiques.
  3630 | D:4      | Reached *** piety under Trog
  3765 | D:4      | Found a hazy altar of Hepliaklqana.
  4740 | D:5      | Noticed Dowan
  4740 | D:5      | Noticed Duvessa
  4846 | D:5      | Reached skill level 10 in Dodging
  5275 | D:5      | Reached skill level 5 in Fighting
  6016 | D:5      | Killed Duvessa
  6064 | D:5      | Killed Dowan
  6371 | D:5      | Found a bloodstained altar of Trog.
  6372 | D:5      | Found a sparkling altar of Nemelex Xobeh.
  6498 | D:6      | Reached XP level 9. HP: 27/41 MP: 10/10
  7254 | D:6      | Found a staircase to the Ecumenical Temple.
  7353 | D:6      | Reached **** piety under Trog
  7626 | D:6      | Reached skill level 11 in Dodging
  7803 | D:7      | Found Doryt Keil's Distillery.
  7805 | D:7      | Noticed Prince Ribbit
  7817 | D:7      | Killed Prince Ribbit
  7921 | D:7      | HP: 2/41 [poisoned by an orc warrior]
  7922 | D:7      | Slain by an orc warrior
  7923 | D:7      | Reached XP level 8. HP: -3/38 MP: 9/9
  7957 | D:7      | Noticed Harold
  7973 | D:7      | Killed Harold
  7974 | D:7      | Reached XP level 9. HP: 23/41 MP: 10/10
  8354 | D:8      | Found a flagged portal.
  8371 | D:8      | Reached skill level 12 in Dodging
  8581 | D:8      | Noticed a two-headed ogre
  8589 | D:8      | Mangled by a two-headed ogre
  8590 | D:8      | Reached XP level 8. HP: -9/34 MP: 9/9
  8691 | D:8      | Reached skill level 10 in Stealth
  8714 | D:8      | Reached XP level 9. HP: 18/41 MP: 10/10
  9003 | D:8      | Noticed a two-headed ogre
  9006 | D:8      | Killed a two-headed ogre
  9007 | D:8      | Reached skill level 13 in Dodging
  9086 | D:8      | Killed a two-headed ogre
  9533 | D:9      | Noticed a two-headed ogre
  9546 | D:9      | Killed a two-headed ogre
  9547 | D:9      | Reached XP level 10. HP: 45/45 MP: 11/11
  9707 | D:9      | Noticed Psyche
  9720 | D:9      | Killed Psyche
  9721 | D:9      | Reached skill level 14 in Dodging
  9721 | D:9      | Reached skill level 10 in Unarmed Combat
  9774 | D:9      | Reached skill level 1 in Evocations
 10676 | D:4      | Bought a scroll labelled YGEFFU ADANEAM for 24 gold pieces
 10676 | D:4      | Bought a smoky pink potion for 21 gold pieces
 10676 | D:4      | Bought a scroll labelled ULASMI QAECYF for 24 gold pieces
 10707 | D:4      | Bought a lead wand for 100 gold pieces
 10707 | D:4      | Bought a red potion for 22 gold pieces
 10775 | D:7      | Bought a potion of heal wounds for 70 gold pieces
 10775 | D:7      | Bought a potion of lignification for 42 gold pieces
 10797 | D:7      | Found Afoj's Armour Shoppe.
 11435 | D:7      | Found a runed translucent gate.
 11436 | D:7      | Found a runed translucent gate.
 11437 | D:7      | Found a runed translucent gate.
 11438 | D:7      | Noticed raph's ghost (novice DrCj)
 11443 | D:7      | Identified the +6 plate armour of Rationality {Fly Regen+
                  | Dex-5}
 11674 | D:10     | Entered Level 10 of the Dungeon
 11677 | D:10     | Noticed a skeletal warrior
 11679 | D:10     | Noticed a skeletal warrior
 11701 | D:10     | Noticed a skeletal warrior
 11712 | D:9      | Demolished by a skeletal warrior
 11713 | D:9      | Reached XP level 9. HP: -21/42 MP: 10/10
 11728 | D:9      | Killed a skeletal warrior
 12315 | D:11     | Noticed a komodo dragon
 12327 | D:11     | Killed a komodo dragon
 12669 | D:10     | Noticed a gargoyle
 12683 | D:10     | Killed a gargoyle
 12684 | D:10     | Reached XP level 10. HP: 47/47 MP: 11/11
 12718 | D:10     | Found a transporter.
 12729 | D:10     | Killed a skeletal warrior
 12847 | D:10     | Noticed an orc sorcerer
 12849 | D:10     | Noticed a deep elf knight
 12967 | D:10     | Found a transporter.
 13078 | D:10     | Reached skill level 5 in Evocations
 13176 | D:10     | Found a staircase to the Lair.
 13299 | D:10     | HP: 1/72 [skeletal warrior/+0 dire flail[a skeletal
                  | warrior] (33)]
 13303 | D:10     | Slain by a skeletal warrior

Illustrated notes

Levels and vault maps discovered:
D:1:      dpeg_arrival_tiny_g, layout_loops_ring, chequers_garden
D:2:      minmay_chambers_of_ones, layout_rooms, serial_shops, shop_statue,
          nicolae_underground_beach, uniq_natasha
D:3:      layout_basic, shapermc_ecumenical_altar_ellora,
          nicolae_elevator_lobby_plus
D:4:      layout_loops_corners, nicolae_hepliaklqana_hazy_memory, serial_shops,
          shop, shop
D:5:      layout_layer_cave, minitemple, uniq_duvessa
D:6:      layout_basic, minmay_temple_entry_offerings, portal_sewer_entry_a
D:7:      layout_rooms, chequers_ossuary_entry_cave, biasface_ghost_orc_armoury,
          serial_shops, nicolae_shop_hallway_plus, nicolae_shop_hallway_stairs,
          nicolae_concentric_dashed_squares_wild, minmay_misc_feat_chi,
          uniq_prince_ribbit1, uniq_harold
D:8:      layout_rooms, enter_bailey_2, kennysheep_generic_room_6
D:9:      layout_gridville, kennysheep_nub, uniq_psyche
D:10:     gammafunk_wand_slinger, layout_basic, lair_entry_dummy
D:11:     hellmonk_destroyed_diamonds, layout_layer_cave, grunt_decor_clamped,
          fedhas_altar_3

Skill      XL: |  1  2  3  4  5  6  7  8  9 10 |
---------------+-------------------------------+-----
Stealth        | 1 2 3 4 6 10 8 | 10.0
Unarmed Combat | 4 6 9 10 | 10.0
Dodging        | 7 9 10 13 14 | 14.0
Fighting       | 6 7 8 |  8.0
Evocations     | 4 5 |  5.0

Action                   |  1- 3 |  4- 6 |  7- 9 | 10-12 || total
-------------------------+-------+-------+-------+-------++-------
Melee: Unarmed           |    68 |    84 |   475 |   152 ||   779
       Punch             |     1 |     3 |    28 |    12 ||    44
       Bite              |     1 |     7 |    58 |    21 ||    87
Invok: Berserk           |     1 |     2 |    12 |     5 ||    20
       Trog's Hand       |       |       |     2 |       ||     2
  Use: Scroll            |     1 |       |       |     5 ||     6
       Potion            |       |       |     1 |       ||     1
 Stab: Sleeping          |     4 |     4 |    20 |    11 ||    39
       Distracted        |       |       |     3 |       ||     3
Armor: Skin              |     3 |     3 |    11 |     4 ||    21
Dodge: Dodged            |    47 |    52 |   478 |   138 ||   715
Block: Other             |       |       |    19 |     7 ||    26
       Reflection        |       |       |     1 |       ||     1
